 Dungeon Crawl Stone Soup version 0.26.1-11-gd32895ea62 (webtiles) character file.

Game seed: 3903752595209570525

1856 Eitelfritz the Grappler (level 8, 0/75 HPs)
             Began as a Troll Monk on May 30, 2021.
             Shot with an arrow by a centaur (11 damage)
             ... on level 7 of the Dungeon.
             The game lasted 00:12:52 (4929 turns).

Eitelfritz the Grappler (Troll Monk)                Turns: 4929, Time: 00:12:53

Health: 0/75       AC: 10    Str: 20    XL:     8   Next: 89%
Magic:  7/7        EV: 12    Int:  8    God:
Gold:   452        SH:  0    Dex: 12    Spells: 7/7 levels left

rFire    + + .     SeeInvis .     - Unarmed
rCold    . . .     Faith    .   (no shield)
rNeg     . . .     Spirit   .   g - +2 robe {rF+}
rPois    .         Reflect  .   (helmet restricted)
rElec    .         Harm     .   s - +1 cloak
rCorr    .         Rampage  .   (gloves unavailable)
Will     .....                  (boots unavailable)
Stlth    +++.......             (no amulet)
HPRegen  0.62/turn              x - ring of stealth
MPRegen  0.10/turn              v - ring of protection from fire

@: no status effects
A: large, unfitting armour, claws 3, regeneration 1, shaggy fur 1, tough skin 3
a: no special abilities


You were on level 7 of the Dungeon.
You visited 2 branches of the dungeon, and saw 8 of its levels.

You collected 452 gold pieces.

Inventory:

Hand Weapons
 l - a +0 spear
Missiles
 d - 3 boomerangs
 o - a throwing net
 q - 25 poisoned darts
 w - 6 large rocks (quivered)
Armour
 g - a +2 robe of fire resistance (worn)
 s - a +1 cloak (worn)
 A - a +0 troll leather armour
Jewellery
 f - an uncursed ring of magical power
 u - the ring "Celi" {+Fly Will+ Str-4 Int-3}
   (You found it on level 6 of the Dungeon)

   [ring of strength]

   It affects your strength (-4).
   It affects your intelligence (-3).
   It affects your willpower, your defense against some magical effects.
   It lets you fly.
 v - a ring of protection from fire (right claw)
 x - a ring of stealth (left claw)
 y - an uncursed ring of willpower {unknown}
Scrolls
 c - 3 scrolls of identify
 e - 3 scrolls of teleportation
 h - 3 scrolls of amnesia
 j - 2 scrolls of fog
 r - 2 scrolls of remove curse
Potions
 a - 2 potions of heal wounds {unknown}
 b - 2 potions of cancellation {unknown}
 i - a potion of ambrosia {unknown}
 k - 4 potions of curing
 m - a potion of invisibility {unknown}
 n - 5 potions of lignification
 p - a potion of magic {unknown}
 t - a potion of resistance {unknown}
 z - 2 potions of brilliance {unknown}


   Skills:
 + Level 3.5 Fighting
 + Level 3.6 Throwing
 + Level 4.7 Dodging
 + Level 2.2 Stealth
 + Level 8.9 Unarmed Combat


You had 7 spell levels left.
You didn't know any spells.
Your spell library contained the following spells:

 Spells                   Type           Power        Failure   Level
 Magic Dart               Conj           0%           41%         1
 Blink                    Tloc           N/A          54%         2
 Call Imp                 Summ           0%           54%         2
 Slow                     Hex            0%           54%         2
 Confusing Touch          Hex            0%           78%         3
 Conjure Flame            Conj/Fire      0%           78%         3
 Gell's Gravitas          Tloc           0%           78%         3
 Mephitic Cloud           Conj/Pois/Air  0%           78%         3
 Petrify                  Tmut/Erth      0%           99%         4
 Metabolic Englaciation   Hex/Ice        0%           100%        5
 Yara's Violent Unravell  Hex/Tmut       0%           100%        5


Dungeon Overview and Level Annotations

Branches:
Dungeon (7/15)             Temple (1/1) D:4

Altars:
Ashenzari
Elyvilon
Fedhas
Gozag
Hepliaklqana
Kikubaaqudgha
Makhleb
Nemelex Xobeh
Okawaru
Qazlal
Sif Muna
Trog
Uskayaw
Vehumet
Xom
Yredelemnul
Zin
The Shining One

Shops:
D:5 }

Annotations:
D:4 3 runed translucent doors, kalodont's ghost, amateur KoEn


Innate Abilities, Weirdness & Mutations

You are too large for most types of armour.
You have claws for hands.
Your natural rate of healing is unusually fast.
You are covered in fur. (AC +1)
You have extremely tough skin. (AC +3)


Message History

Aim: a white ugly thing (asleep, 98% to hit)
You throw a large rock.
The large rock hits the white ugly thing!!
The white ugly thing gurgles horribly!
The white ugly thing is heavily wounded.
You scratch the white ugly thing.
The white ugly thing is heavily wounded.
A centaur comes into view.
The white ugly thing kicks you. The white ugly thing freezes you!!
You closely miss the white ugly thing.
The white ugly thing is heavily wounded.
The centaur shouts!
The white ugly thing kicks you. The white ugly thing freezes you!!
* * * LOW HITPOINT WARNING * * *
Unknown command.
The centaur wields a +0 shortbow.
The centaur shoots an arrow.
The arrow hits you but does no damage.
You see here an arrow.
The centaur shoots an arrow.
The arrow hits you!
You die...

..#.... ..###..
.## #. ## #. .# #
#. .# ##.#### #.#
#.....##### ..#
#####.c...####..#
##..(u.@......#
#(##..#######..###
### #....# #..#
#.# #.##..# ##[#
..# .. #..# #.#
### ## #..# #.## #
#### #..# #..#
##.#


You could see a white ugly thing and a centaur.

Vanquished Creatures
  Sigmund (D:6)
  A water moccasin (D:7)
  2 sky beasts (D:6)
  A phantom (D:4)
  A centaur (D:5)
  A bullfrog (D:6)
  A water moccasin zombie (D:7)
  3 scorpions (D:5)
  3 bullfrog zombies (D:6)
  2 howler monkeys
  4 hounds
  Crazy Yiuf (D:3)
  2 orc wizards (D:5)
  An orc priest (D:5)
  2 jellies
  2 bullfrog skeletons (D:6)
  An iguana (D:7)
  4 worker ants
  A hound zombie (D:6)
  A hound skeleton (D:7)
  2 worker ant zombies
  12 adders
  A shadow imp (D:7)
  4 white imps
  An ufetubus (D:5)
  2 oozes
  2 adder zombies (D:6)
  3 worms
  2 dart slugs
  3 leopard geckos
  12 orcs
  3 ball pythons
  3 bats
  6 giant cockroaches
  11 goblins
  11 hobgoblins
  14 jackals
  3 quokkas (D:3)
  5 frilled lizards
  A jackal zombie (D:7)
  4 kobolds
  3 leopard gecko skeletons
  A quokka skeleton (D:6)
  A quokka zombie (D:6)
  A rat (D:1)
146 creatures vanquished.

Vanquished Creatures (others)
  A withered plant (D:6)
1 creature vanquished.

Grand Total: 147 creatures vanquished

Notes
Turn   | Place    | Note
-------+----------+-------------------------------------------
     0 | D:1      | Eitelfritz the Troll Monk began the quest for the Orb.
     0 | D:1      | Reached XP level 1. HP: 22/22 MP: 0/0
    89 | D:1      | Reached XP level 2. HP: 29/29 MP: 1/1
   238 | D:1      | Reached XP level 3. HP: 29/36 MP: 2/2
   617 | D:2      | Found a radiant altar of Vehumet.
   972 | D:2      | Reached skill level 4 in Unarmed Combat
   972 | D:2      | Reached XP level 4. HP: 38/44 MP: 3/3
  1505 | D:3      | Found a runed translucent door.
  1506 | D:3      | Noticed Crazy Yiuf
  1535 | D:3      | Found a glowing silver altar of Zin.
  1994 | D:3      | Killed Crazy Yiuf
  1995 | D:3      | Reached XP level 5. HP: 38/52 MP: 1/4
  2049 | D:4      | Found a staircase to the Ecumenical Temple.
  2090 | Temple   | Entered the Ecumenical Temple
  2350 | D:4      | Reached skill level 5 in Unarmed Combat
  2498 | D:4      | Reached XP level 6. HP: 57/59 MP: 5/5
  2517 | D:4      | Found a broken altar of Ashenzari.
  2909 | D:4      | Found a runed translucent gate.
  2909 | D:4      | Found a runed translucent gate.
  2909 | D:4      | Found a runed translucent gate.
  2915 | D:4      | Noticed kalodont's ghost (amateur KoEn)
  2973 | D:5      | Entered Level 5 of the Dungeon
  2979 | D:5      | Found Jibois's Gadget Shop.
  3005 | D:5      | Reached skill level 6 in Unarmed Combat
  3119 | D:5      | Reached XP level 7. HP: 58/66 MP: 6/6
  3327 | D:5      | Reached skill level 7 in Unarmed Combat
  3412 | D:5      | Reached skill level 1 in Throwing
  3809 | D:6      | Reached XP level 8. HP: 73/75 MP: 7/7
  3910 | D:6      | Found a faded altar of an unknown god.
  3910 | D:6      | Found a glowing golden altar of the Shining One.
  3919 | D:6      | Found a stormy altar of Qazlal.
  3921 | D:6      | Found a burning altar of Makhleb.
  3923 | D:6      | Found a faded altar of an unknown god.
  4025 | D:6      | Noticed Sigmund
  4041 | D:6      | Killed Sigmund
  4089 | D:6      | Found a shimmering altar of Xom.
  4147 | D:6      | Reached skill level 8 in Unarmed Combat
  4251 | D:6      | Got a heavily runed glass ring
  4546 | D:6      | Identified the cursed ring "Celi" {+Fly Will+ Str-4 Int-3}
                  | (You found it on level 6 of the Dungeon)
  4763 | D:7      | Found a blossoming altar of Fedhas.
  4763 | D:7      | Found an iron altar of Okawaru.
  4764 | D:7      | Found a bloodstained altar of Trog.
  4920 | D:7      | Noticed a white ugly thing
  4929 | D:7      | Shot with an arrow by a centaur

Illustrated notes

Levels and vault maps discovered:
D:1:      dpeg_arrival_lava_temple_mockup, layout_rooms
D:2:      layout_loops_ring, lemuel_doored_altar
D:3:      layout_loops_cross, zin_statuary, uniq_crazy_yiuf_cottage
D:4:      minmay_opposing_rooms, layout_basic, lemuel_round_altar,
          minmay_temple_entry_poolview, gammafunk_ghost_necromancy
D:5:      layout_basic, serial_shops, nicolae_shop_stone,
          hangedman_decor_peaks_small
D:6:      layout_cave_pools, chequers_temple_overflow_minitemple, serial_undead,
          serial_undead_e, serial_undead_e, serial_undead_a, serial_undead_f,
          basic_altar, skrybe_limestone_x, sigmund_army
D:7:      minmay_cornered_nines, layout_cave_pods, slow_altar_1,
          nicolae_ru_path_of_blood, gammafunk_temple_overflow_forgotten
Temple:   kb_temple_of_zot

Skill      XL: |  1  2  3  4  5  6  7  8 |
---------------+-------------------------+-----
Unarmed Combat | 4 5 6 7 8 |  8.9
Dodging        | 3 4 |  4.7
Fighting       | 3 |  3.5
Stealth        | 2 |  2.2
Throwing       | 2 3 |  3.6

Action                   |  1- 3 |  4- 6 |  7- 9 || total
-------------------------+-------+-------+-------++-------
Melee: Unarmed           |    87 |   138 |   148 ||   373
       Punch             |       |     1 |     9 ||    10
Throw: Large rock        |       |    17 |    44 ||    61
  Use: Scroll            |       |    10 |     1 ||    11
 Stab: Sleeping          |     4 |       |     3 ||     7
Armor: Robe              |    45 |    34 |    66 ||   145
Dodge: Dodged            |    55 |    67 |    93 ||   215
